 Dungeon Crawl Stone Soup version 0.31.0-32-g396128a36d (webtiles) character file.

Game seed: 16366854916969363687

823 cdecastro the Cudgeller (level 7, -3/53 HPs)
             Began as an Armataur Warper on Mar 15, 2024.
             Was a Plaything of Xom.
             Slain by a black bear (4 damage)
             ... on level 5 of the Dungeon.
             The game lasted 00:09:08 (3844 turns).

cdecastro the Cudgeller (Armataur Warper)           Turns: 3844, Time: 00:09:09

Health: -3/53      AC:  5    Str: 22      XL:     7   Next: 63%
Magic:  9/9        EV: 14    Int: 13 (15) God:    Xom [.*....]
Gold:   279        SH:  0    Dex:  8 (10) Spells: 7/9 levels left

rFire   . . .        a - +0 mace
rCold   . . .        (no shield)
rNeg    . . .        B - +0 troll leather armour {Pargi}
rPois   .            g - +0 helmet
rElec   .            (no cloak)
rCorr   .            (no gloves)
SInv    .            (no barding)
Will    .....        n - amulet of regeneration
Stlth   ++           i - +6 ring of strength
HPRegen 2.68/turn    s - +5 ring of evasion
MPRegen 0.11/turn

%: roll
@: no status effects
A: large, deformed body, tough skin 3, armoured tail, roll 2, camouflage 1,
deterioration 1, mutation resistance 1, regeneration 1, subdued magic 1,
persistent drain
a: Renounce Religion


You were on level 5 of the Dungeon.
You worshipped Xom.
You were a plaything of Xom.
You visited 2 branches of the dungeon, and saw 6 of its levels.
You also visited: Sewer.

You collected 385 gold pieces.
You spent 106 gold pieces at shops.

Inventory:

Hand Weapons
 a - a +0 mace (weapon)
Missiles
 d - 7 darts of dispersal (quivered)
 o - 4 boomerangs
 x - 5 atropa-tipped darts
 E - 20 poisoned darts
Armour
 b - a +0 leather armour
 g - a +0 helmet (worn)
 j - a +0 ring mail
 B - a +0 troll leather armour (worn) {Pargi}
Magical Staves
 k - a staff of cold
Jewellery
 i - a +6 ring of strength (left hand)
 n - an amulet of regeneration (around neck)
 s - a +5 ring of evasion (right hand)
 A - a ring of fire
Wands
 t - a wand of paralysis (4)
Scrolls
 c - 3 scrolls of blinking
 e - a scroll of enchant weapon {unknown}
 h - 2 scrolls of vulnerability {unknown}
 m - 2 scrolls of enchant armour {unknown}
 p - a scroll of revelation {unknown}
 q - a scroll of teleportation {unknown}
 r - 2 scrolls of immolation {unknown}
 u - 2 scrolls of fear {unknown}
 y - 2 scrolls of noise {unknown}
 z - 4 scrolls of identify {unknown}
Potions
 f - a potion of magic {unknown}
 l - 4 potions of curing {unknown}
 v - a potion of enlightenment {unknown}
 w - a potion of haste {unknown}
 C - 3 potions of brilliance {unknown}
 D - a potion of mutation {unknown}
 F - a potion of cancellation {unknown}


   Skills:
 - Level 1.7 Fighting
 * Level 6.6 Maces & Flails
 - Level 0.8 Throwing
 - Level 1.2 Armour
 - Level 1.3 Dodging
 - Level 1.7 Spellcasting
 + Level 5.8 Translocations


You had 7 spell levels left.
You knew the following spells:

 Your Spells              Type           Power      Damage    Failure   Level
a - Blink                 Tloc           24%        N/A       3%          2

Your spell library contained the following spells:

 Spells                   Type           Power      Damage    Failure   Level
 Lesser Beckoning         Tloc           24%        N/A       3%          2
 Teleport Other           Tloc           12%        N/A       7%          3
 Manifold Assault         Tloc           12%        N/A       22%         4
 Magic Dart               Conj           0%         1d3       26%         1
 Slow                     Hex            0%         N/A       26%         1
 Summon Small Mammal      Summ           0%         N/A       26%         1
 Call Imp                 Summ           0%         N/A       36%         2
 Cigotuvi's Dreadful Rot  Necr/Alch/Air  0%         N/A       36%         2
 Call Canine Familiar     Summ           0%         N/A       61%         3
 Confusing Touch          Hex            0%         N/A       61%         3
 Hailstorm                Conj/Ice       0%         3d5       61%         3
 Sigil of Binding         Hex            0%         N/A       61%         3
 Summon Ice Beast         Ice/Summ       0%         N/A       61%         3
 Vampiric Draining        Necr           0%         2d6       61%         3
 Vhi's Electric Charge    Tloc/Air       12%        N/A       61%         4
 Ignite Poison            Fire/Alch      0%         N/A       95%         4
 Summon Blazeheart Golem  Fire/Summ      0%         N/A       95%         4
 Dispersal                Tloc           6%         N/A       98%         6
 Freezing Cloud           Conj/Ice/Air   0%         6-21      100%        5
 Sculpt Simulacrum        Ice/Alch       0%         N/A       100%        6
 Disjunction              Tloc           6%         N/A       100%        8


Dungeon Overview and Level Annotations

Branches:
Dungeon (5/15)             Temple (1/1) D:4           Sewer (visited)

Altars:
Ashenzari
Cheibriados
Dithmenos
Elyvilon
Fedhas
Hepliaklqana
Kikubaaqudgha
Makhleb
Nemelex Xobeh
Okawaru
Qazlal
Ru
Sif Muna
Trog
Wu Jian
Xom
Yredelemnul
Zin
The Shining One

Shops:
D:3 (   D:4 *:=


Innate Abilities, Weirdness & Mutations

Armour fits poorly on your strangely shaped body.
You have extremely tough skin. (AC +3)
You have a long armoured tail.
You regenerate magic and health when rolling toward enemies. (Rampage Regen)
Your skin changes colour to match your surroundings (Stealth+).
Your body sometimes deteriorates upon taking damage.
You are somewhat resistant to further mutation.
Your natural rate of healing is unusually fast.
Your spells are a little easier to cast, but a little less powerful.
Your health recovers twice as slowly from being drained.


Message History

* * * LOW HITPOINT WARNING * * *
You barely miss the black bear.
The black bear is almost dead.
The black bear misses you. The black bear claws you.
* * * LOW HITPOINT WARNING * * *
The black bear claws you but does no damage.
The black bear completely misses you. The black bear barely misses you. x2
You barely miss the black bear.
The black bear is almost dead.
The black bear misses you.
The black bear claws you but does no damage.
The black bear claws you.
* * * LOW HITPOINT WARNING * * *
You hit the black bear.
The black bear is almost dead.
The black bear misses you. The black bear claws you.
* * * LOW HITPOINT WARNING * * *
The black bear claws you but does no damage.
The black bear bites you!
* * * LOW HITPOINT WARNING * * *
The black bear barely misses you. The black bear claws you.
* * * LOW HITPOINT WARNING * * *
You hit the black bear but do no damage.
The black bear is almost dead.
The black bear bites you.
* * * LOW HITPOINT WARNING * * *
The black bear claws you.
* * * LOW HITPOINT WARNING * * *
The black bear closely misses you.
You hit the black bear but do no damage.
The black bear is almost dead.
The black bear bites you.
* * * LOW HITPOINT WARNING * * *
The black bear claws you but does no damage.
The black bear closely misses you. The black bear bites you.
* * * LOW HITPOINT WARNING * * *
The black bear claws you.
* * * LOW HITPOINT WARNING * * *
The black bear claws you.
You die...

### ..
###.#####
#.......#
#.#.....#
#.#..h..#
#.##.@..#
#.###.#.#
###†#.#.###
####........#
#....%......#
####.##....##
#.###.#.#
#.###.#.#
#.......#


You could see a black bear (berserk).

Vanquished Creatures
  An ogre (D:4)
  A brain worm (Sewer)
  A scorpion (D:4)
  A howler monkey (D:4)
  A bombardier beetle (D:5)
  3 orc priests
  Robin (D:2)
  5 adders
  4 dart slugs
  A ribbon worm (D:3)
  6 orcs
  4 bats
  2 endoplasms
  6 giant cockroaches
  16 goblins
  8 hobgoblins
  5 jackals
  3 quokkas
  11 ball pythons
  6 frilled lizards
  13 kobolds
  3 rats
102 creatures vanquished.

Vanquished Creatures (collateral kills)
  Sigmund (D:4)
  Pargi (Sewer)
  A jelly (Sewer)
  A kobold (Sewer)
4 creatures vanquished.

Grand Total: 106 creatures vanquished

Notes
Turn   | Place    | Note
-------+----------+-------------------------------------------
     0 | D:1      | cdecastro the Armataur Warper began the quest for the Orb.
     0 | D:1      | Reached XP level 1. HP: 17/17 MP: 3/3
    87 | D:1      | Reached skill level 2 in Maces & Flails
   136 | D:1      | Reached XP level 2. HP: 20/24 MP: 4/4
   444 | D:1      | Reached XP level 3. HP: 23/29 MP: 5/5
   530 | D:1      | Reached skill level 3 in Maces & Flails
   753 | D:2      | Found a faded altar of an unknown god.
   782 | D:2      | Prayed at the altar of an unknown god.
   782 | D:2      | Became a worshipper of Xom the Fickle
   808 | D:2      | XOM: divination: magic mapping
   941 | D:2      | Noticed Robin
   995 | D:2      | Killed Robin
   996 | D:2      | Reached XP level 4. HP: 32/36 MP: 6/6
  1116 | D:2      | XOM: god gift: 8 gold pieces
  1284 | D:2      | XOM: scenery: summon butterflies
  1481 | D:2      | XOM: give mutations
  1481 | D:2      | Gained mutation: Your natural rate of healing is unusually
                  | fast. [Xom's grace]
  1481 | D:2      | Gained mutation: You are somewhat resistant to further
                  | mutation. [Xom's grace]
  1505 | D:3      | XOM: god gift: fluorescent wand {god gift}
  1536 | D:2      | Learned a level 2 spell: Blink
  1539 | D:2      | XOM: noise
  1713 | D:3      | XOM: 1-stop teleportation journey
  2164 | D:3      | Reached skill level 4 in Maces & Flails
  2195 | D:3      | Found Suwof's Antique Weapon Shop.
  2200 | D:3      | Reached XP level 5. HP: 41/41 MP: 7/7
  2341 | D:3      | XOM: give mutations
  2341 | D:3      | Gained mutation: Your health recovers twice as slowly from
                  | being drained. [Xom's mischief]
  2341 | D:3      | Gained mutation: Your skin changes colour to match your
                  | surroundings (Stealth+). [Xom's mischief]
  2341 | D:3      | Gained mutation: Your body sometimes deteriorates upon
                  | taking damage. [Xom's mischief]
  2563 | D:4      | Found a staircase to the Ecumenical Temple.
  2574 | Temple   | Entered the Ecumenical Temple
  2625 | D:4      | Noticed Sigmund
  2628 | D:4      | XOM: summons friendly ufetubus
  2634 | D:4      | Killed Sigmund
  2635 | D:4      | Reached skill level 5 in Maces & Flails
  2635 | D:4      | Reached XP level 6. HP: 48/48 MP: 8/8
  2642 | D:4      | XOM: confusion
  2652 | D:4      | Reached skill level 5 in Translocations
  2680 | D:4      | Found a white marble altar of Elyvilon.
  2680 | D:4      | Found an ornate altar of the Wu Jian Council.
  2680 | D:4      | Found an iron altar of Okawaru.
  2823 | D:4      | XOM: polymorph giant cockroach -> jackal
  2860 | D:4      | Found Mehon's Jewellery Boutique.
  2910 | D:4      | Found Enocoic's Assorted Antiques.
  2912 | D:4      | Found Zydelac's Book Boutique.
  2919 | D:4      | Found a glowing drain.
  2937 | Sewer    | Entered a sewer
  3008 | Sewer    | Noticed Pargi
  3033 | Sewer    | XOM: summons friendly white imp
  3047 | Sewer    | Killed Pargi
  3048 | Sewer    | Gained mutation: You regenerate magic and health when
                  | rolling toward enemies. (Rampage Regen) [Armataur growth]
  3048 | Sewer    | Reached XP level 7. HP: 45/53 MP: 9/9
  3056 | Sewer    | Reached skill level 6 in Maces & Flails
  3215 | D:4      | Bought a fuming green potion for 25 gold pieces
  3215 | D:4      | Bought a scroll labelled HUHONW KAUKUBBI for 28 gold pieces
  3215 | D:4      | Bought a lumpy dark potion for 25 gold pieces
  3215 | D:4      | Bought a scroll labelled HUHONW KAUKUBBI for 28 gold pieces
  3344 | D:4      | Found a shimmering altar of Xom.
  3389 | D:4      | XOM: give mutation
  3389 | D:4      | Gained mutation: Your spells are a little easier to cast,
                  | but a little less powerful. [Xom's mischief]
  3512 | D:4      | XOM: stat loss: -1 Int (12/15)
  3771 | D:5      | Entered Level 5 of the Dungeon
  3799 | D:5      | XOM: enchant monster (bad)
  3844 | D:5      | HP: 1/53 [black bear (4)]
  3844 | D:5      | Slain by a black bear

Illustrated notes

Levels and vault maps discovered:
D:1:      beargit_arrival_diablo_church, layout_basic, minmay_quantized
D:2:      layout_loops_ring, shapermc_ecumenical_altar_mp_ritualfount,
          uniq_robin
D:3:      layout_basic, serial_forest, infiniplex_forest_clump_C,
          infiniplex_forest_lined_2, infiniplex_forest_zigzag_1,
          infiniplex_forest_end_2, infiniplex_forest_clump_long,
          infiniplex_forest_fountain, infiniplex_forest_clump_small,
          infiniplex_forest_clump_curved, serial_shops, shop
D:4:      layout_loops_corners, xom_butterflies, gammafunk_temple_overflow_claw,
          minmay_temple_entry_junction, serial_shops, shop,
          kennysheep_mini_moat, nicolae_inconvenience_store,
          cheibrodos_sewer_entry_drain, uniq_sigmund
D:5:      layout_loops_corners, chequers_serial_rivers_small_3,
          kennysheep_decorative_pillar, uniq_crazy_yiuf_cottage
Temple:   bh_familiar_temple

Skill      XL: |  1  2  3  4  5  6  7 |
---------------+----------------------+-----
Maces & Flails | 2 3 4 5 6 |  6.6
Translocations | 4 5 |  5.8
Fighting       | |  1.7
Throwing       | |  0.8
Armour         | |  1.2
Dodging        | |  1.3
Spellcasting   | |  1.7

Action                     |  1- 3 |  4- 6 |  7- 9 || total
---------------------------+-------+-------+-------++-------
  Melee: Mace              |   142 |   121 |    80 ||   343
         Tailslap          |    13 |    16 |     4 ||    33
         Punch             |       |     2 |       ||     2
   Stab: Sleeping          |       |       |     3 ||     3
 Armour: Leather armour    |    17 |       |       ||    17
         Ring mail         |    94 |   114 |     2 ||   210
         Troll leather arm |       |       |    52 ||    52
  Dodge: Dodged            |    59 |    74 |    61 ||   194
